 Dungeon Crawl Stone Soup version 0.28.0 (webtiles) character file.

Game seed: 9479084916140915084

1414 HallandMoats the Skirmisher (level 8, -10/70 HPs)
             Began as a Ghoul Fighter on Feb 8, 2022.
             Was an Initiate of Ashenzari.
             Shot with an arrow by a centaur (12 damage)
             ... on level 6 of the Dungeon.
             The game lasted 00:08:21 (7021 turns).

HallandMoats the Skirmisher (Ghoul Fighter)         Turns: 7021, Time: 00:08:21

Health: -10/70     AC:  8    Str: 20    XL:     8   Next: 71%
Magic:  10/10      EV: 10    Int:  5    God:    Ashenzari [......]
Gold:   186        SH:  5    Dex:  8    Spells: 7/7 levels left

rFire   . . .      SeeInvis .   a - +2 halberd (venom)
rCold   + . .      Faith    .   (shield currently unavailable)
rNeg    + + +      Spirit   .   b - +0 scale mail
rPois   ∞          Reflect  +   r - +0 helmet
rElec   .          Harm     .   (no cloak)
rCorr   .          Rampage  .   (no gloves)
Will    .....                   (no boots)
Stlth   ..........              j - amulet "Soothsayer of Ashenzari" {Reflect SH+5, Fort, Melee} (curse)
HPRegen 0.00/turn               (no ring)
MPRegen 0.12/turn               (no ring)

@: mighty, inhibited regen, studying Conjurations
A: claws 1, cold resistance 1, negative energy resistance 3, inhibited
regeneration, torment resistance 2
a: Renounce Religion, Curse Item, Shatter the Chains


You were on level 6 of the Dungeon.
You worshipped Ashenzari.
Ashenzari was noncommittal.
You visited 2 branches of the dungeon, and saw 7 of its levels.

You collected 186 gold pieces.

Inventory:

Hand Weapons
 a - a +2 halberd of venom (weapon)
 q - the +9 hunting sling of Desperation {flame, +Blink rPois Str+3 Int-5}
   (You found it on level 5 of the Dungeon)

   Any ammunition fired from it burns those it strikes, dealing additional fire
   damage.
   Str:       It affects your strength (+3).
   Int:       It affects your intelligence (-5).
   rPois:     It protects you from poison.
   +Blink:    It lets you blink.
Missiles
 s - 26 sling bullets
 t - 218 stones (quivered)
Armour
 b - a +0 scale mail (worn)
 c - a +0 buckler
 r - a +0 helmet (worn)
Jewellery
 h - a ring of ice
 j - the cursed amulet "Soothsayer of Ashenzari" (around neck) {Reflect SH+5, Fort, Melee}
   (You found it on level 2 of the Dungeon)

   [amulet of reflection]

   It reflects blocked missile attacks.
   SH:        It affects your SH (+5).
   It has a curse which improves the following skills: Fortitude: Armour and
   Shields.
   Melee Combat: Short Blades, Long Blades, Axes, Maces & Flails, Polearms,
   Staves and Unarmed Combat.
 w - a +6 ring of dexterity
 z - an amulet of guardian spirit
Wands
 y - a wand of polymorph (8)
Scrolls
 g - 3 scrolls of blinking {unknown}
 k - 2 scrolls of teleportation {unknown}
 m - 3 scrolls of noise {unknown}
 n - 3 scrolls of immolation {unknown}
 x - a scroll of holy word {unknown}
Potions
 d - 2 potions of might
 e - a potion of magic {unknown}
 f - a potion of brilliance {unknown}
 l - a potion of curing {unknown}
 o - a potion of haste {unknown}
 p - a potion of flight {unknown}
 u - a potion of attraction {unknown}
 v - a potion of ambrosia {unknown}
 A - a potion of mutation {unknown}


   Skills:
 * Level 6.2 Fighting
 * Level 4.7(5.2) Polearms
 + Level 4.1(4.5) Armour
 * Level 3.0 Dodging
 + Level 4.0(4.4) Shields
 * Level 5.1 Invocations


You had 7 spell levels left.
You didn't know any spells.
Your spell library contained the following spells:

 Spells                   Type           Power      Damage    Failure   Level
 Apportation              Tloc           0%         N/A       82%         1
 Ozocubu's Armour         Ice            0%         N/A       99%         3
 Ozocubu's Refrigeration  Ice            0%         4d5       100%        7


Dungeon Overview and Level Annotations

Branches:
Dungeon (6/15)             Temple (1/1) D:4

Altars:
Ashenzari
Dithmenos
Fedhas
Hepliaklqana
Kikubaaqudgha
Nemelex Xobeh
Qazlal
Sif Muna
Trog
Vehumet
Xom
Yredelemnul
Zin
The Shining One

Shops:
D:3 =   D:4 :


Innate Abilities, Weirdness & Mutations

You thrive by killing the living.
You are immune to poison.
You have sharp fingernails.
Your flesh is cold resistant. (rC+)
You are immune to negative energy. (rN+++)
You do not regenerate when monsters are visible.
You are immune to unholy pain and torment.


Message History

You reflect the arrow off an invisible shield around you!
The arrow hits the centaur.
The centaur shoots an arrow.
The arrow hits you!
* * * LOW HITPOINT WARNING * * *
The centaur shoots an arrow.
You reflect the arrow off an invisible shield around you!
The arrow barely misses the centaur.
The centaur shoots an arrow.
The arrow hits you.
* * * LOW HITPOINT WARNING * * *
The centaur shoots an arrow.
The arrow hits you.
* * * LOW HITPOINT WARNING * * *
You feel much better.
The centaur shoots an arrow.
The arrow misses you.
The centaur shoots an arrow.
The arrow hits you!
The centaur shoots an arrow.
The arrow hits you!
* * * LOW HITPOINT WARNING * * *
Reach: a) +2 halberd (venom)
Press: ? - help, Dir - move target, f - centaur
Aim: a centaur, wielding a +0 shortbow and quivering arrows (lightly wounded, about 32% to evade your +2 halberd of venom)
You reach to attack!
You slash the centaur!
The centaur is poisoned.
The centaur is heavily wounded.
The centaur shoots an arrow.
The arrow hits you.
* * * LOW HITPOINT WARNING * * *
The centaur shoots an arrow.
The arrow hits you.
* * * LOW HITPOINT WARNING * * *
Unknown command.
Reach: a) +2 halberd (venom)
Press: ? - help, Dir - move target, f/p - centaur
Aim: a centaur, wielding a +0 shortbow and quivering arrows (severely wounded, very poisoned, about 32% to evade your +2 halberd of venom)
You reach to attack!
You closely miss the centaur.
The centaur is severely wounded.
The centaur shoots an arrow.
The arrow barely misses you.
The centaur shoots an arrow.
You reflect the arrow off an invisible shield around you!
The arrow hits the centaur!
You kill the centaur!
Your Dodging skill increases to level 3!
The centaur shoots an arrow.
The arrow hits you.
* * * LOW HITPOINT WARNING * * *
The centaur shoots an arrow.
The arrow hits you!
You die...

#.#.########....#######...#.###.
##...##.c..............<..###.##.
...####.#####c##.##........#.###.
..Yc.c...# #.##.##..###.#.......
#######..# #c##Y##..##..#.......
.(.# #.)c................. ...#
####.#...##..#......#
..#########.#.#.###.#.......
..#......##@#.#........###.#
#..#.####.##.#.#####.#......# #.#
#.##.#.# #.#.##.### #.#
#.##.#.#####.#.##.# ###
#.##...<......#.#.#
#.###......).#.##.# #.#
#..##########.# #.# #..# ###.#
#.# #..# #...#


You could see a yak and a centaur.

Vanquished Creatures
  An ice beast (D:5)
  4 ogres (D:5)
  A centaur (D:6)
  A phantom (D:6)
  A bullfrog (D:6)
  A water moccasin zombie (D:5)
  A scorpion (D:6)
  A water moccasin skeleton (D:5)
  A bullfrog zombie (D:5)
  2 gnoll shamans
  4 hounds
  2 bullfrog skeletons
  Terence (D:2)
  An iguana (D:4)
  2 orc wizards (D:6)
  A killer bee zombie (D:5)
  9 gnolls
  7 adders
  2 ufetubi (D:5)
  2 worms
  3 dart slugs
  6 orcs
  8 bats
  8 endoplasms
  2 giant cockroaches (D:2)
  5 goblins
  4 hobgoblins
  4 jackals (D:1)
  7 kobolds
  3 quokkas
  4 ball pythons
  A frilled lizard (D:2)
  5 rats (D:1)
105 creatures vanquished.

Vanquished Creatures (others)
  A fungus (D:2)
  9 plants
10 creatures vanquished.

Grand Total: 115 creatures vanquished

Notes
Turn   | Place    | Note
-------+----------+-------------------------------------------
     0 | D:1      | HallandMoats the Ghoul Fighter began the quest for the Orb.
     0 | D:1      | Reached XP level 1. HP: 19/19 MP: 0/0
   281 | D:1      | Reached XP level 2. HP: 26/26 MP: 1/1
   376 | D:1      | Reached skill level 1 in Invocations
   448 | D:1      | Reached XP level 3. HP: 31/31 MP: 2/2
   745 | D:2      | Found a faded altar of an unknown god.
   757 | D:2      | Prayed at the altar of an unknown god.
   757 | D:2      | Became a worshipper of Ashenzari the Shackled
   758 | D:2      | Got Plato's Incunabulum of Translocation
   812 | D:2      | Noticed Terence
   818 | D:2      | Killed Terence
   819 | D:2      | Reached XP level 4. HP: 18/40 MP: 2/4
  1190 | D:2      | Reached skill level 4 in Fighting
  1732 | D:3      | Reached XP level 5. HP: 24/46 MP: 5/5
  1976 | D:3      | Found Xiruosto's Jewellery Boutique.
  2495 | D:4      | Found a staircase to the Ecumenical Temple.
  2550 | D:4      | Found Ontoah's Book Boutique.
  2627 | D:4      | Reached XP level 6. HP: 32/53 MP: 7/7
  2821 | D:4      | Found a broken altar of Ashenzari.
  2861 | D:4      | Found a stormy altar of Qazlal.
  3068 | Temple   | Entered the Ecumenical Temple
  4340 | D:5      | Entered Level 5 of the Dungeon
  4348 | D:5      | Reached skill level 5 in Fighting
  4348 | D:5      | Reached XP level 7. HP: 35/61 MP: 8/8
  4367 | D:5      | Identified the +9 hunting sling of Desperation {flame,
                  | +Blink rPois Str+3 Int-5}
  4563 | D:5      | Reached skill level 1 in Dodging
  5475 | D:5      | Reached XP level 8. HP: 60/69 MP: 10/10
  5682 | D:5      | Found a shimmering blue altar of Sif Muna.
  5801 | D:5      | Found a basalt altar of Yredelemnul.
  5870 | D:5      | Found a sparkling altar of Nemelex Xobeh.
  6323 | D:6      | Reached skill level 6 in Fighting
  6773 | D:6      | Reached skill level 5 in Invocations
  6947 | D:6      | Noticed a yak
  6995 | D:6      | HP: 3/70 [centaur/arrow (4)]
  7019 | D:6      | HP: 2/70 [centaur/arrow (5)]
  7021 | D:6      | Shot with an arrow by a centaur

Illustrated notes

Levels and vault maps discovered:
D:1:      roderic_crop_circles_arrival_small, layout_loops_cross
D:2:      layout_basic, shapermc_ecumenical_altar_rom_forum, uniq_terence
D:3:      layout_loops_ring, serial_shops, shop_statue
D:4:      layout_basic, mainiacjoe_overflow_concentric_impassable,
          general_overflow_altar, minmay_temple_entry_sparse_star, serial_shops,
          shop, grunt_decor_junction
D:5:      layout_loops_ring, nemelex_dance_club_becter,
          mainiacjoe_overflow_alcove_4, nicolae_sif_muna_condensation,
          minmay_manual_maat
D:6:      layout_loops_ring, hangedman_glass_teeth, minmay_manual_mail
Temple:   jpeg_temple_island

Skill      XL: |  1  2  3  4  5  6  7  8 |
---------------+-------------------------+-----
Polearms       | 2 3 4 |  4.7
Invocations    | 1 2 3 4 5 |  5.1
Shields        | 3 4 |  4.0
Fighting       | 4 5 6 |  6.2
Armour         | 3 4 |  4.1
Dodging        | 2 3 |  3.0

Action                   |  1- 3 |  4- 6 |  7- 9 || total
-------------------------+-------+-------+-------++-------
Melee: Trident           |    73 |       |       ||    73
       Flail             |       |   125 |       ||   125
       Halberd           |       |    16 |   124 ||   140
Invok: Curse Item        |       |     1 |       ||     1
  Use: Potion            |       |       |     3 ||     3
Armor: Scale mail        |    25 |    73 |    58 ||   156
Dodge: Dodged            |    21 |    87 |    78 ||   186
Block: Buckler           |     6 |    79 |       ||    85
       Other             |       |     3 |    36 ||    39
       Reflection        |       |       |     4 ||     4
